 Dungeon Crawl Stone Soup version 0.31-a0-963-ga325b2283a (webtiles) character file.

Game seed: 636900098314283854

714 Morbidden the Conjurer (level 7, -3/52 HPs)
             Began as a Demonspawn Conjurer on Oct 25, 2023.
             Engulfed by a steam dragon's steam (5 damage)
             ... on level 4 of the Dungeon.
             The game lasted 00:06:31 (4410 turns).

Morbidden the Conjurer (Demonspawn Conjurer)        Turns: 4410, Time: 00:06:31

Health: -3/52      AC:  5    Str:  8    XL:     7   Next: 41%
Magic:  12/12      EV: 14    Int: 21    God:
Gold:   217        SH:  0    Dex: 11    Spells: 10/13 levels left

rFire   . . .        a - +1 short sword (venom)
rCold   . . .        o - +0 buckler
rNeg    . . .        h - +0 robe
rPois   .            n - +0 helmet
rElec   .            l - +0 cloak
rCorr   .            m - +0 pair of gloves
SInv    .            (no boots)
Will    .....        (no amulet)
Stlth   +            (no ring)
HPRegen 0.28/turn    (no ring)
MPRegen 0.13/turn

%: no passive effects
@: confused, ambrosia-drunk
A: claws 1, repulsion field 1, demonic magic 2
a: no special abilities


You were on level 4 of the Dungeon.
You visited 1 branch of the dungeon, and saw 4 of its levels.

You collected 217 gold pieces.

Inventory:

Hand Weapons
 a - a +1 short sword of venom (weapon)
 d - a +2 dagger of holy wrath
 v - a +3 long sword
Armour
 h - a +0 robe (worn)
 l - a +0 cloak (worn)
 m - a +0 pair of gloves (worn)
 n - a +0 helmet (worn)
 o - a +0 buckler (worn)
 s - a +3 scale mail
Wands
 u - a wand of iceblast (5)
Scrolls
 e - a scroll of immolation {unknown}
 i - 2 scrolls of identify {unknown}
 j - 2 scrolls of teleportation {unknown}
 k - 3 scrolls of amnesia {unknown}
 q - a scroll of noise {unknown}
Potions
 b - a potion of magic
 c - a potion of ambrosia
 f - a potion of enlightenment {unknown}
 g - a potion of haste {unknown}
 p - a potion of brilliance {unknown}
 r - 4 potions of curing {unknown}
 t - 2 potions of might {unknown}


   Skills:
 * Level 3.0 Fighting
 + Level 1.7 Short Blades
 * Level 3.3 Dodging
 + Level 4.1 Stealth
 + Level 0.4 Unarmed Combat
 * Level 3.8 Spellcasting
 * Level 5.2 Conjurations
 + Level 0.1 Evocations


You had 10 spell levels left.
You knew the following spells:

 Your Spells              Type           Power      Damage    Failure   Level
a - Magic Dart            Conj           100%       1d8       2%          1
b - Searing Ray           Conj           52%        2d6       3%          2

Your spell library contained the following spells:

 Spells                   Type           Power      Damage    Failure   Level
 Apportation              Tloc           8%         N/A       21%         1
 Necrotise                Necr           16%        1d4       21%         1
 Summon Small Mammal      Summ           16%        N/A       21%         1
 Dazzling Flash           Conj/Hex       30%        N/A       21%         3
 Fulminant Prism          Conj/Hex       7%         3d7       56%         4
 Iskenderun's Mystic Bla  Conj/Tloc      15%        2d5       56%         4
 Manifold Assault         Tloc           4%         N/A       89%         4
 Alistair's Intoxication  Tmut/Pois      2%         N/A       99%         5
 Borgnjor's Vile Clutch   Necr/Erth      2%         N/A       99%         5
 Dispersal                Tloc           2%         N/A       100%        6
 Eringya's Noxious Bog    Tmut/Pois      2%         4d6       100%        6
 Disjunction              Tloc           2%         N/A       100%        8


Dungeon Overview and Level Annotations

Branches:
Dungeon (4/15)
 Temple: D:4-7

Altars:
Hepliaklqana


Innate Abilities, Weirdness & Mutations

You have sharp fingernails.
You are surrounded by a mild repulsion field. (EV +2)
Spells you cast may paralyse nearby enemies.


Message History

Aim: a steam dragon (catching its breath, 100% to hit)
The magic dart hits the steam dragon but does no damage.
Malevolent energies surge around you.
The steam dragon suddenly stops moving!
You are engulfed in a cloud of scalding steam.
* * * LOW HITPOINT WARNING * * *
Unknown command.
Unknown command.
Unknown command.
Unknown command.
Unknown command.
It was a potion of ambrosia.
You are confused.
You feel invigorated.
Unknown command.
Unknown command.
Unknown command.
You hit the steam dragon.
The steam dragon is poisoned.
The steam dragon is lightly wounded.
The steam dragon completely misses you. The steam dragon misses you.
Unknown command.
Unknown command.
Unknown command.
You hit the steam dragon but do no damage.
The steam dragon looks as sick as possible!
The steam dragon is lightly wounded.
The steam dragon misses you. The steam dragon barely misses you.
Unknown command.
Unknown command.
You're too confused to move!
The steam dragon breathes steam at you. The ball of steam hits you!!
* * * LOW HITPOINT WARNING * * *
Unknown command.
Unknown command.
Unknown command.
Unknown command.
You closely miss the steam dragon.
The steam dragon is heavily wounded.
You are engulfed in a cloud of scalding steam.
You die...

##. #....#....# #..
#....#....# #.###
#....#....# #.#.##
#....#....# #..#.##
#....##...# #.###.#
#....##...#
#..#ยง####.#..........
#.###D#.D.#....##...#
#..#@#[# ########...#
##.########...........
#.....................
#.....................
#...............##...#
#....##.........##...#
#######...##....##...#
......##....##)..#
....................


You could see a steam dragon (extremely poisoned, catching breath).

Vanquished Creatures
  A steam dragon (D:4)
  A phantom (D:4)
  A scorpion (D:4)
  4 wights (D:4)
  2 iguanas (D:4)
  Ijyb (D:4)
  Robin (D:3)
  5 adders
  3 gnolls (D:4)
  3 worms
  A dart slug (D:4)
  2 orcs
  7 endoplasms
  2 giant cockroaches
  3 hobgoblins
  5 kobolds
  A quokka (D:2)
  7 ball pythons
  3 bats
  14 frilled lizards
  14 goblins
  A rat (D:2)
82 creatures vanquished.

Notes
Turn   | Place    | Note
-------+----------+-------------------------------------------
     0 | D:1      | Morbidden the Demonspawn Conjurer began the quest for the
                  | Orb.
     0 | D:1      | Reached XP level 1. HP: 13/13 MP: 3/3
   546 | D:1      | Gained mutation: You have sharp fingernails. [demonic
                  | ancestry]
   546 | D:1      | Reached XP level 2. HP: 18/20 MP: 0/5
   896 | D:1      | Learned a level 2 spell: Searing Ray
  1766 | D:2      | Gained mutation: Spells you cast may paralyse adjacent
                  | enemies. [demonic ancestry]
  1766 | D:2      | Reached XP level 3. HP: 9/25 MP: 0/6
  2287 | D:2      | Reached skill level 1 in Fighting
  2632 | D:3      | Noticed Robin
  2665 | D:3      | Gained mutation: Spells you cast may paralyse nearby
                  | enemies. [demonic ancestry]
  2665 | D:3      | Reached XP level 4. HP: 28/32 MP: 1/7
  2673 | D:3      | Killed Robin
  2835 | D:3      | Found a faded altar of an unknown god.
  2839 | D:3      | Found a faded altar of an unknown god.
  2839 | D:3      | Found a hazy altar of Hepliaklqana.
  3439 | D:4      | Noticed a scorpion
  3551 | D:4      | Noticed a phantom
  3553 | D:4      | Noticed Ijyb
  3565 | D:4      | Killed Ijyb
  3566 | D:4      | Reached XP level 5. HP: 15/37 MP: 3/9
  3579 | D:4      | Killed a phantom
  3926 | D:4      | Gained mutation: You are surrounded by a mild repulsion
                  | field. (EV +2) [demonic ancestry]
  3926 | D:4      | Reached XP level 6. HP: 44/44 MP: 5/10
  3949 | D:4      | Reached skill level 1 in Short Blades
  4041 | D:4      | Reached skill level 5 in Conjurations
  4218 | D:4      | Reached XP level 7. HP: 51/51 MP: 3/12
  4391 | D:4      | Noticed a steam dragon
  4393 | D:4      | Noticed a steam dragon
  4402 | D:4      | Killed a steam dragon
  4409 | D:4      | HP: 2/52 [steam dragon/ball of steam (20)]
  4410 | D:4      | Engulfed by a steam dragon's steam

Illustrated notes

Levels and vault maps discovered:
D:1:      dpeg_arrival_tiny_a, layout_basic, minmay_lizard_king
D:2:      cheibrodos_old_hovel, layout_loops_corners
D:3:      layout_rooms, nicolae_hepliaklqana_ecumenical_no_more, chequers_jeans,
          minmay_shallow_snake_nest, uniq_robin
D:4:      minmay_bubble_buster, layout_gridville, minmay_small_thing, uniq_ijyb

Skill      XL: |  1  2  3  4  5  6  7 |
---------------+----------------------+-----
Dodging        | 2 3 |  3.3
Fighting       | 1 2 3 |  3.0
Stealth        | 2 3 4 |  4.1
Spellcasting   | 3 |  3.8
Short Blades   | 1 |  1.7
Conjurations   | 5 |  5.2
Unarmed Combat | |  0.4
Evocations     | |  0.1

Action                     |  1- 3 |  4- 6 |  7- 9 || total
---------------------------+-------+-------+-------++-------
  Melee: Unarmed           |    24 |       |       ||    24
         Short sword       |    22 |    61 |     9 ||    92
         Punch             |     1 |     1 |       ||     2
   Cast: Magic Dart        |    54 |    65 |     3 ||   122
         Searing Ray       |     2 |     6 |     3 ||    11
  Evoke: Wand              |       |     2 |       ||     2
    Use: Potion            |       |       |     1 ||     1
   Stab: Paralysed         |     1 |    24 |     3 ||    28
         Sleeping          |     1 |       |       ||     1
 Armour: Robe              |    30 |    32 |    10 ||    72
  Dodge: Dodged            |    30 |    42 |    11 ||    83
  Block: Buckler           |       |     2 |       ||     2

Table legend: (Time is in decaauts)
 A = Elapsed time spent in this place.
 B = Non-inter-level travel time spent in this place.
 C = Inter-level travel time spent in this place.
 D = Time resting spent in this place.
 E = Time spent auto-exploring this place.
 F = Levels seen in this place.
 G = Mean time per level.
                   A        B        C        D        E       F      G
               +--------+--------+--------+--------+--------+-----+--------+
         Total |   4410 |   4172 |    238 |    585 |   2991 |   4 | 1102.5 |
       Dungeon |   4410 |   4172 |    238 |    585 |   2991 |   4 | 1102.5 |
               +--------+--------+--------+--------+--------+-----+--------+

Top non-repeatable levels by time:
     D:1: 1355 daAuts
     D:2: 1174 daAuts
     D:3: 979 daAuts
     D:4: 902 daAuts
